 Dungeon Crawl Stone Soup version 0.24-a0-521-g122614bf49 (webtiles) character file.

Game seed: 4363447914395042566

15 Gynju the Ruffian (level 2, -2/29 HPs)
             Began as a Troll Monk on July 30, 2019.
             Slain by Sigmund
             ... wielding a +0 scythe
              (7 damage)
             ... on level 2 of the Dungeon.
             The game lasted 00:01:05 (995 turns).

Gynju the Ruffian (Troll Monk)                       Turns: 995, Time: 00:01:05

Health: -2/29      AC:  6    Str: 18    XL:     2   Next: 34%
Magic:  1/1        EV: 10    Int:  6    God:
Gold:   40         SH:  0    Dex: 12    Spells: 1/1 levels left

rFire    . . .     SeeInvis .     - Unarmed
rCold    . . .     Gourm    +   (no shield)
rNeg     . . .     Faith    .   a - +0 robe
rPois    .         Spirit   .   (helmet restricted)
rElec    .         Reflect  .   (no cloak)
rCorr    .         Harm     .   (gloves unavailable)
MR       .....                  (boots unavailable)
Stlth    ++........             (no amulet)
HPRegen  0.49/turn              (no ring)
MPRegen  0.07/turn              (no ring)

@: no status effects
A: large, unfitting armour, claws 3, fast metabolism 3, gourmand, regeneration
1, shaggy fur 1, tough skin 3
a: no special abilities


You were on level 2 of the Dungeon.
You were full.

You visited 1 branch of the dungeon, and saw 2 of its levels.

You collected 40 gold pieces.

Inventory:

Missiles
 d - 90 stones (quivered)
Armour
 a - a +0 robe (worn)
Jewellery
 m - an uncursed ring of ice {unknown}
Scrolls
 e - 2 scrolls of enchant weapon {unknown}
 f - a scroll of magic mapping {unknown}
 h - a scroll of amnesia {unknown}
 i - a scroll of immolation {unknown}
Potions
 c - a potion of lignification {unknown}
 g - a potion of might {unknown}
 j - a potion of degeneration {unknown}
 k - a potion of heal wounds {unknown}
 l - a potion of agility {unknown}
Comestibles
 b - 5 rations


   Skills:
 + Level 2.6 Fighting
 + Level 2.6 Dodging
 - Level 1.0 Stealth
 * Level 3.4 Unarmed Combat


You had one spell level left.
You didn't know any spells.
Your spell library was empty.

Dungeon Overview and Level Annotations

Branches:
Dungeon (2/15)

Altars:

Annotations:
D:2 Sigmund


Innate Abilities, Weirdness & Mutations

You are too large for most types of armour.
You have claws for hands.
Your metabolism is lightning-fast.
You like to eat raw meat.
Your natural rate of healing is unusually fast.
You are covered in fur. (AC +1)
You have extremely tough skin. (AC +3)


Message History

No target in view!
No target in view!
No target in view!
No target in view!
No target in view!
No target in view!
No target in view!
No target in view!
No target in view!
No target in view!
No target in view!
No target in view!
No target in view!
No target in view!
Something hits you. Something hits you!
* * * LOW HITPOINT WARNING * * *
You claw something! You barely miss something. Something hits you!
You die...

#.#.###. .......<. #.
+# #......##..
##.#####.
#...........#.......
#.....####..#......# #
........ ........+>+
#.#.#.##### #.#....#.#
............#...{....#
#.#..... .......@....#
..##.... ..###.......#.
..##..## .###..........
..##..# .#..........##
#.##..####.#...####...#
#.##.......#...# .....
#..........#...# ....
##.#.......#...# ##..
##.#(......#...#### ..


There were no monsters in sight!

Vanquished Creatures
  4 giant cockroaches
  2 goblins (D:1)
  A kobold (D:1)
  4 bats (D:1)
  2 frilled lizards
  A rat (D:1)
14 creatures vanquished.

Notes
Turn   | Place    | Note
-------+----------+-------------------------------------------
     0 | D:1      | Gynju the Troll Monk began the quest for the Orb.
     0 | D:1      | Reached XP level 1. HP: 22/22 MP: 0/0
   413 | D:1      | Reached XP level 2. HP: 29/29 MP: 1/1
   988 | D:2      | Noticed Sigmund
   995 | D:2      | Slain by Sigmund

Levels and vault maps discovered:
D:1:      psy_arrival_spokes, layout_basic, wad_floor_pattern_1
D:2:      layout_basic, uniq_crazy_yiuf_cottage, uniq_sigmund

Action                   || total
-------------------------++-------
Melee: Unarmed           ||    32
 Stab: Sleeping          ||     2
  Eat: Chunk             ||    12
Armor: Robe              ||    13
Dodge: Dodged            ||    21

Table legend:
 A = Non-vault XP
 B = Vault XP
 C = Vault XP percentage of total XP
 D = Non-vault monster count
 E = Vault monster count
 F = Vault count percentage of total count
                 A         B        C        D         E       F
            +---------+---------+-------+---------+---------+-------
      Total |      22 |       0 |   0.0 |      14 |       0 |   0.0
            +---------+---------+-------+---------+---------+-------
        D:1 |      19 |       0 |   0.0 |      12 |       0 |   0.0
        D:2 |       3 |       0 |   0.0 |       2 |       0 |   0.0
            +---------+---------+-------+---------+---------+-------
